AoeStats
← Froduko

Arabia

510312059Analyzed
1v1 RM · 2d ago on Sep 30, 2026· 34m 46s· 2 players
Game mode
Random Map
Map size
Tiny (2 player)
Population
200
Speed
Normal
Resources
Standard
Victory
Conquest
Starting age
Dark Age
Ending age
Imperial Age
RankedLock teamsTeams togetherTeam positionsShared explorationLock speedFull tech treeHidden civsTurbo modeCheats
Victory
Defeat
🇪🇸 Vietnamese · Spain
917
+15
🇬🇪 Khmer · Georgia
904
-15
EleneGeorgia
0:51 Loom
10:39 Feudal Age
11:19 Town Watch
11:21 Man-at-Arms
20:08 Castle Age
18:01 Horse Collar
20:49 Husbandry
Froduko
10:48 Feudal Age
9:15 Loom
11:01 Feudal Age
12:36 Double-Bit Axe
14:47 Forging
15:32 Fletching
18:56 Town Watch
25:35 Castle Age
24:09 Scale Mail Armor
24:21 Horse Collar
24:56 Gold Mining
26:27 Bow Saw
26:19 Heavy Plow
25:43 Pikeman
27:00 Squires
27:49 Husbandry
29:48 Iron Casting
29:19 Scale Barding Armor
29:47 Bloodlines
31:35 Wheelbarrow
31:56 Stone Mining
34:39 Stone Shaft Mining
Connection lost

Rejoining the realm…

Still unreachable

The connection could not be restored.

Session expired

The server has moved on; the page needs a fresh start.